 Dungeon Crawl Stone Soup version 0.30.1-11-g7821555f0a (webtiles) character file.

Game seed: 15490980430684084931

3544 booth the Basher (level 10, -1/64 HPs)
             Began as a Gargoyle Monk on Oct 30, 2023.
             Was an Elder of Hepliaklqana.
             Slain by Harold
             ... wielding a +0 long sword
              (13 damage)
             ... on level 9 of the Dungeon.
             The game lasted 00:46:05 (8293 turns).

booth the Basher (Gargoyle Monk)                    Turns: 8293, Time: 00:46:06

Health: -1/64      AC: 16    Str: 21    XL:     10   Next: 9%
Magic:  10/10      EV: 11    Int: 10    God:    Hepliaklqana [****..]
Gold:   358        SH:  0    Dex: 13    Spells: 9/9 levels left

rFire   + . .        a - +1 mace
rCold   . . .        (no shield)
rNeg    + . .        s - +1 ring mail {rF+}
rPois   ∞            p - +0 helmet
rElec   +            (no cloak)
rCorr   .            i - +0 pair of gloves
SInv    .            r - +0 pair of boots
Will    .....        (no amulet)
Stlth   +            (no ring)
HPRegen 0.30/turn    (no ring)
MPRegen 0.12/turn

%: no passive effects
@: marked
A: reduced essence, sickness immunity, AC +7, negative energy resistance 1,
electricity resistance, torment resistance 1, petrification resistance, robust
1, strong 1
a: Renounce Religion, Recall Ancestor, Ancestor Identity, Transference, Idealise


You were on level 9 of the Dungeon.
You worshipped Hepliaklqana.
Hepliaklqana was greatly pleased with you.
You visited 2 branches of the dungeon, and saw 10 of its levels.

You collected 358 gold pieces.

Inventory:

Hand Weapons
 a - a +1 mace (weapon)
 e - a +2 heavy hand axe
 l - a +0 great mace
 o - the +8 lance "Wyrmbane" {slay drac, rPois rF+ rC+ AC+3}
   (You acquired it on level 4 of the Dungeon)

   AC:        It affects your AC (+3).
   rF:        It protects you from fire.
   rC:        It protects you from cold.
   rPois:     It protects you from poison.
Missiles
 m - a boomerang (quivered)
 t - 4 silver boomerangs
Armour
 b - a +1 robe
 d - an orb of light
 i - a +0 pair of gloves (worn)
 p - a +0 helmet (worn)
 r - a +0 pair of boots (worn)
 s - a +1 ring mail of fire resistance (worn)
Jewellery
 j - a ring of magical power
 k - a +6 ring of intelligence
Wands
 n - a wand of roots (20)
 w - a wand of flame (17)
Scrolls
 c - a scroll of immolation
 g - a scroll of brand weapon {unknown}
 q - a scroll of poison
 v - a scroll of fear
Potions
 f - 4 potions of flight
 h - 4 potions of curing
 x - a potion of ambrosia


   Skills:
 + Level 8.0 Fighting
 * Level 10.0 Maces & Flails
 + Level 4.8 Polearms
 + Level 5.1 Throwing
 - Level 2.5 Dodging


You had 9 spell levels left.
You didn't know any spells.
Your spell library contained the following spells:

 Spells                   Type           Power      Damage    Failure   Level
 Dazzling Flash           Conj/Hex       0%         N/A       88%         3
 Volatile Blastmotes      Fire/Tloc      0%         2d10      88%         3
 Fulminant Prism          Conj/Hex       0%         3d5       99%         4
 Iskenderun's Mystic Bla  Conj/Tloc      0%         2d3       99%         4
 Petrify                  Tmut/Erth      0%         N/A       99%         4
 Agony                    Necr           0%         N/A       100%        5
 Lee's Rapid Deconstruct  Erth           0%         3d4*      100%        5
 Metabolic Englaciation   Hex/Ice        0%         N/A       100%        5
 Silence                  Hex/Air        0%         N/A       100%        5
 Statue Form              Tmut/Erth      Unusable   N/A       N/A         6

Dungeon Overview and Level Annotations

Branches:
Dungeon (9/15)             Temple (1/1) D:5
   Lair: D:8-11         Orc: D:9-12

Altars:
Ashenzari
Cheibriados
Dithmenos
Elyvilon
Gozag
Hepliaklqana
Kikubaaqudgha
Nemelex Xobeh
Okawaru
Qazlal
Ru
Sif Muna
Trog
Uskayaw
Vehumet
Wu Jian
Xom
Zin

Shops:
D:4 :

Annotations:
D:9 Harold


Innate Abilities, Weirdness & Mutations

Your life essence is reduced to manifest your ancestor. (-10% HP)
You are immune to sickness and miasma.
Your stone body is resilient. (AC +7)
You are immune to poison.
You resist negative energy. (rN+)
You are resistant to electric shocks. (rElec)
You are resistant to unholy torment.
You are immune to petrification.
You are robust. (+10% HP)
Your muscles are strong. (Str +4, Int/Dex -1)


Message History

Harold hits you with a +0 long sword!
You feel better. Harold gestures at you while chanting.
The mark upon you grows brighter.
The scorpion stings you but does no damage.
You sock Harold!
Harold is severely wounded.
The scorpion stings you but does no damage.
Harold hits you with a +0 long sword!
You hit Harold.
Harold is severely wounded.
A komodo dragon comes into view.
The scorpion barely misses you. Harold gestures at you while chanting.
The mark upon you grows brighter.
You hit Harold but do no damage.
Harold is severely wounded.
The scorpion stings you. The komodo dragon bites you.
Harold gestures at you while chanting. The mark upon you grows brighter.
You hit Harold.
Harold is severely wounded.
The scorpion barely misses you.
The komodo dragon completely misses you.
Harold closely misses you.
You hit Harold. You punch Harold.
Harold is almost dead.
The scorpion stings you but does no damage.
The komodo dragon bites you but does no damage.
Harold hits you with a +0 long sword!
You barely miss Harold.
Harold is almost dead.
The scorpion stings you but does no damage.
The komodo dragon bites you!
* * * LOW HITPOINT WARNING * * *
You completely miss Harold.
Harold is almost dead.
The scorpion stings you but does no damage.
Harold hits you with a +0 long sword!
You die...

#....# # #....#
###.####....# #
...........<# ..
###.##$..##########.##
#...).)...........
#...).###.........
#....s##.)........
#...c@@...#.......
#....##l..#.....#.
#.###.....#>...... #.
#.#.........#. ..
.....#.#....... ?#
###.#.$<....#... ..
..............
........... ## #.#


You could see Harold, a komodo dragon, a centaur and a scorpion.

Vanquished Creatures
  5 yaks (D:8)
  A black bear (D:5)
  An ogre (D:5)
  2 bullfrogs
  4 wights
  5 killer bees (D:8)
  4 hounds
  A jelly (D:8)
  4 orc priests
  Jessica (D:3)
  3 iguanas (D:5)
  A sleepcap (D:5)
  Robin (D:3)
  2 gnolls
  An adder (D:3)
  An ufetubus (D:5)
  A worm (D:2)
  A dart slug (D:1)
  27 orcs
  4 endoplasms
  14 goblins
  16 hobgoblins
  2 jackals (D:2)
  6 quokkas
  4 ball pythons
  6 frilled lizards
  18 kobolds
  7 rats
143 creatures vanquished.

Vanquished Creatures (collateral kills)
  2 water moccasins (D:6)
  2 ice beasts
  2 ogres (D:6)
  2 bullfrogs
  5 wights
  5 killer bees (D:8)
  A howler monkey (D:6)
  A hound (D:5)
  An orc priest (D:7)
  3 jellies
  A sleepcap (D:5)
  An iguana (D:5)
  An orc wizard (D:7)
  3 adders
  A shadow imp (D:8)
  A worm (D:5)
  4 orcs
  An endoplasm (D:6)
  3 goblins (D:8)
  A kobold (D:8)
41 creatures vanquished.

Vanquished Creatures (others)
  2 battlemagi
  A butterfly (D:3)
3 creatures vanquished.

Grand Total: 187 creatures vanquished

Notes
Turn   | Place    | Note
-------+----------+-------------------------------------------
     0 | D:1      | booth the Gargoyle Monk began the quest for the Orb.
     0 | D:1      | Reached XP level 1. HP: 14/14 MP: 1/1
    57 | D:1      | Found a faded altar of an unknown god.
   152 | D:1      | Reached XP level 2. HP: 19/19 MP: 2/2
   443 | D:1      | Reached XP level 3. HP: 19/24 MP: 3/3
  1540 | D:2      | Reached skill level 4 in Maces & Flails
  1624 | D:3      | Noticed Jessica
  1634 | D:2      | HP: 1/24 [orc priest/+2 heavy hand axe (7)]
  1639 | D:2      | Reached XP level 4. HP: 11/29 MP: 4/4
  1830 | D:3      | Gained mutation: Your muscles are strong. (Str +4, Int/Dex
                  | -1) [potion of mutation]
  1830 | D:3      | Gained mutation: You are robust. (+10% HP) [potion of
                  | mutation]
  1834 | D:3      | Reached XP level 5. HP: 11/37 MP: 5/5
  2025 | D:3      | Reached skill level 5 in Maces & Flails
  2640 | D:3      | Killed Jessica
  2779 | D:3      | Found a white marble altar of Elyvilon.
  2886 | D:3      | Noticed Robin
  2905 | D:3      | Killed Robin
  2906 | D:3      | Reached XP level 6. HP: 21/44 MP: 6/6
  3506 | D:4      | Reached skill level 5 in Fighting
  3643 | D:4      | Found an iron altar of Okawaru.
  4019 | D:4      | Reached skill level 1 in Throwing
  4088 | D:4      | Reached skill level 6 in Maces & Flails
  4257 | D:4      | Found Xalaer's Book Shoppe.
  4401 | D:4      | Identified a scroll of acquirement
  4402 | D:4      | Acquired the +8 lance "Wyrmbane" {slay drac, rPois rF+ rC+
                  | AC+3}
  4402 | D:4      | Found the +8 lance "Wyrmbane" {slay drac, rPois rF+ rC+
                  | AC+3}
  4419 | D:5      | Entered Level 5 of the Dungeon
  4419 | D:5      | Noticed a black bear
  4428 | D:5      | Killed a black bear
  4429 | D:5      | Reached XP level 7. HP: 40/48 MP: 7/7
  4496 | D:5      | Reached skill level 1 in Polearms
  4846 | D:5      | Found a staircase to the Ecumenical Temple.
  4855 | Temple   | Entered the Ecumenical Temple
  4945 | Temple   | Became a worshipper of Hepliaklqana the Forgotten
  4945 | Temple   | Reached * piety under Hepliaklqana
  4945 | Temple   | Reached ** piety under Hepliaklqana
  4946 | Temple   | Remembered your ancestor Zorana as a battlemage
  5554 | D:6      | Reached skill level 7 in Maces & Flails
  5554 | D:6      | Reached XP level 8. HP: 51/51 MP: 8/8
  5743 | D:6      | Found Pogohutugi's CLEARANCE SALE!.
  5968 | D:6      | Found a radiant altar of Vehumet.
  6184 | D:6      | Found a sparkling altar of Nemelex Xobeh.
  6374 | D:7      | Reached skill level 8 in Maces & Flails
  6441 | D:7      | Reached XP level 9. HP: 56/56 MP: 9/9
  6530 | D:7      | Reached *** piety under Hepliaklqana
  6704 | D:7      | Found a bloodstained altar of Trog.
  7143 | D:8      | Reached skill level 9 in Maces & Flails
  8034 | D:8      | Reached **** piety under Hepliaklqana
  8153 | D:9      | Reached XP level 10. HP: 64/64 MP: 10/10
  8173 | D:9      | Reached skill level 5 in Throwing
  8251 | D:9      | Reached skill level 10 in Maces & Flails
  8257 | D:9      | Noticed Harold
  8293 | D:9      | Slain by Harold

Illustrated notes

Levels and vault maps discovered:
D:1:      dpeg_arrival_shelter, layout_basic,
          hellmonk_ecumenical_altar_lost_god, nrook_campfire, minmay_tromino_i4
D:2:      layout_basic, minivault_27, minmay_misc_feat_alley
D:3:      layout_rooms, nicolae_elyvilon_peaceful_grove, uniq_robin,
          uniq_jessica
D:4:      corexii_shantytown, layout_basic, okawaru_gym_becter, serial_shops,
          shop
D:5:      layout_loops_cross, minmay_temple_entry_junction_2
D:6:      layout_loops_cross, kennysheep_mini_moat, nemelex_dance_club_becter,
          grunt_decor_mini_mirrors, nicolae_shop_clearance
D:7:      layout_cave_pools, mainiacjoe_overflow_catwalk
D:8:      corexii_shack_village, layout_basic, serial_glass, glass_columns_b,
          glass_columns_a, nicolae_two_hexagons
D:9:      layout_basic, grunt_temple_overflow_holy_war, fedhas_altar_2,
          grunt_lair_entry_orc_guard_hut, grunt_ministairs_4, uniq_harold
Temple:   hellmonk_temple_forest_ring

Skill      XL: |  1  2  3  4  5  6  7  8  9 10 |
---------------+-------------------------------+-----
Maces & Flails | 4 5 6 7 8 9 10 | 10.0
Fighting       | 4 5 6 7 8 |  8.0
Throwing       | 1 2 3 4 5 |  5.1
Polearms       | 2 3 4 |  4.8
Dodging        | |  2.5

Action                     |  1- 3 |  4- 6 |  7- 9 | 10-12 || total
---------------------------+-------+-------+-------+-------++-------
  Melee: Mace              |    83 |   317 |   162 |    30 ||   592
         Punch             |       |     4 |     3 |     1 ||     8
  Throw: Boomerang         |       |    17 |    15 |       ||    32
 Invoke: Ancestor Life: Ba |       |       |     1 |       ||     1
         Ancestor Identity |       |       |     1 |       ||     1
    Use: Potion            |     4 |     5 |     3 |     1 ||    13
         Scroll            |     6 |     7 |     4 |       ||    17
   Stab: Distracted        |       |       |       |     1 ||     1
 Armour: Robe              |    21 |   161 |    49 |       ||   231
         Ring mail         |       |       |     2 |    11 ||    13
  Dodge: Dodged            |    56 |   263 |    98 |    12 ||   429
